 Dungeon Crawl Stone Soup version 0.17-a0-1069-g92ad481 (webtiles) character file.

5014 Fluffy the Cleaver (level 10, 0/94 HPs)
             Began as a Hill Orc Fighter on May 17, 2015.
             Was a Priest of Qazlal.
             Slain by an orc knight
             ... wielding a +0 halberd
              (19 damage)
             ... in a bailey.
             The game lasted 00:26:41 (8881 turns).

Fluffy the Cleaver (Hill Orc Fighter)               Turns: 8881, Time: 00:26:41

Health: 0/94       AC: 22    Str: 20    XL:     10   Next: 54%
Magic:  16/16      EV:  5    Int:  8    God:    Qazlal [***...]
Gold:   453        SH: 13    Dex: 13    Spells: 0 memorised, 9 levels left

rFire  . . .     SeeInvis .     J - +1 hand axe (elec)
rCold  . . .     Clarity  .     s - +0 chain mail
rNeg   + . .     SustAb   .     c - +0 shield
rPois  .         Gourm    .     y - +0 helmet
rElec  .         Spirit   .     m - +1 cloak
rCorr  .         Warding  .     a - +0 pair of gloves
rMut   .         Stasis   .     (no boots)
MR     .....                    (no amulet)
Stlth  ..........               C - ring of positive energy
                                h - +6 ring of protection

@: not resistant to hostile enchantments, extremely unstealthy
A: wild magic 1
a: Upheaval, Elemental Force, Renounce Religion


You were in a bailey.
You worshipped Qazlal.
Qazlal was most pleased with you.
You were hungry.

You visited 2 branches of the dungeon, and saw 10 of its levels.
You also visited: Bailey.

You collected 453 gold pieces.

Inventory:

Hand weapons
 J - a +1 hand axe of electrocution (weapon)
Armour
 a - a +0 pair of gloves (worn)
 c - a +0 shield (worn)
 m - a +1 cloak (worn)
 s - a +0 chain mail (worn)
 y - a +0 helmet (worn)
 B - the +3 plate armour of Wurunu {rF+ rN+, unknown}
   (You took it off an orc in a bailey)

   It protects you from fire.
   It protects you from negative energy.
Jewellery
 h - a +6 ring of protection (left hand)
 u - an uncursed ring of sustain abilities
 C - a ring of positive energy (right hand)
Magical devices
 k - a wand of draining (11)
 F - a wand of frost (6)
Scrolls
 n - a scroll of remove curse
 v - a scroll of enchant weapon
 A - 5 scrolls of identify
 G - a scroll of blinking
Potions
 b - a potion of agility
 d - 2 potions of might
 i - 3 potions of curing
 j - 6 potions of ambrosia
 l - a potion of berserk rage
 o - 3 potions of resistance
 p - a potion of flight
 r - 3 potions of heal wounds
 x - 2 potions of cancellation
 z - 2 potions of mutation
 E - a potion of brilliance
Comestibles
 e - 8 bread rations
 f - a royal jelly
 g - a slice of pizza
 q - 3 beef jerkies
 t - a meat ration
 w - a chunk of flesh
 I - a fruit


   Skills:
 + Level 10.3 Fighting
 + Level 10.4 Axes
 + Level 9.4 Armour
 - Level 3.2 Shields
 + Level 8.4 Invocations


You had 9 spell levels left.
You didn't know any spells.

Dungeon Overview and Level Annotations

Branches:
Dungeon (9/15)             Temple (1/1) D:5
   Lair: D:8-11         Orc: D:9-12

Altars:
Ashenzari
Cheibriados
Dithmenos
Fedhas
Gozag
Kikubaaqudgha
Makhleb
Nemelex Xobeh
Okawaru
Qazlal
Ru
Sif Muna
Trog
Vehumet
Xom
Yredelemnul
Zin
The Shining One

Shops:
D:8 }*=:


Innate Abilities, Weirdness & Mutations

Your spells are a little harder to cast, but a little more powerful.


Message History

The orc knight is heavily wounded.
You block the orc knight's attack.
You closely miss the orc knight.
The orc knight is heavily wounded.
You block the orc knight's attack.
You hit the orc knight.
The orc knight is heavily wounded.
You closely miss the orc knight.
The orc knight is heavily wounded.
The orc knight hits you with a halberd!
* * * LOW HITPOINT WARNING * * *
You hit the orc knight but do no damage.
The orc knight is heavily wounded.
The orc knight hits you but does no damage.
You miss the orc knight.
The orc knight is heavily wounded.
You hit the orc knight but do no damage.
The orc knight is heavily wounded.
The orc knight hits you with a halberd!!
You die...

### ### #
##∩###########.##
.##...##.....##..}#
..#...#..≈≈≈..#..?#
≈.......≈≈o≈≈.#...#
≈.......≈ooo≈.(...#
≈.)..((.≈≈o≈≈(#..}#
..#(.)#(.≈≈≈.(#.o(#
#.∩.##oo(o(##.@.#
##∩###########.##
### ###


You could see an orc knight.

Vanquished Creatures
  The ghost of hornqvist the Cleaver, an experienced FoFi of Gozag (Bailey)
  Sigmund (D:7)
  A spriggan (D:9)
  6 yaks (D:9)
  Edmund (D:7)
  2 ice beasts
  2 orc warriors
  A sky beast (D:7)
  A necrophage (D:9)
  A wasp (D:8)
  A centaur (D:8)
  The ghost of Mygna the Conjurer, an average DrCj (D:4)
  3 ogres
  3 giant frogs
  A big kobold (D:8)
  A gnoll sergeant (D:9)
  A scorpion (D:7)
  6 killer bees (D:7)
  5 wights (D:6)
  5 crimson imps
  A giant frog zombie (D:7)
  4 orc priests
  4 hounds
  2 jellies
  An iguana (D:7)
  4 orc wizards
  Natasha (D:4)
  6 worker ants
  2 hound zombies (D:5)
  A worker ant zombie (D:5)
  15 gnolls
  9 adders
  4 river rats (D:3)
  2 shadow imps
  An ooze (D:2)
  3 worms
  An adder skeleton (D:8)
  An adder zombie (D:5)
  7 giant geckos
  22 orcs
  A bat skeleton (D:7)
  5 giant cockroaches
  11 hobgoblins
  26 kobolds
  3 quokkas
  15 bats
  A giant gecko skeleton (D:8)
  4 giant newts
  13 goblins
  3 jackals (D:9)
  10 rats
  A plant (D:7)
228 creatures vanquished.

Notes
Turn   | Place    | Note
--------------------------------------------------------------
     0 | D:1      | Fluffy the Hill Orc Fighter began the quest for the Orb.
     0 | D:1      | Reached XP level 1. HP: 19/19 MP: 1/1
   112 | D:1      | Reached XP level 2. HP: 25/27 MP: 2/2
   226 | D:1      | Reached skill level 4 in Fighting
   792 | D:2      | Reached XP level 3. HP: 26/33 MP: 3/3
  1431 | D:2      | Reached XP level 4. HP: 36/41 MP: 4/4
  1730 | D:3      | Reached XP level 5. HP: 29/47 MP: 5/5
  1789 | D:3      | Found a deep blue altar of Sif Muna.
  2016 | D:3      | Reached skill level 5 in Fighting
  2063 | D:3      | Noticed a giant frog
  2075 | D:3      | Killed a giant frog
  2075 | D:3      | Reached skill level 5 in Armour
  2075 | D:3      | Reached XP level 6. HP: 36/56 MP: 6/6
  2320 | D:3      | Reached skill level 5 in Axes
  2950 | D:4      | Noticed Natasha
  2961 | D:4      | Killed Natasha
  3246 | D:4      | Noticed Mygna's ghost (average DrCj)
  3255 | D:4      | Killed Mygna's ghost
  3255 | D:4      | Reached skill level 6 in Fighting
  3255 | D:4      | Reached XP level 7. HP: 55/63 MP: 7/7
  3463 | D:5      | Entered Level 5 of the Dungeon
  3677 | D:5      | HP: 1/64 [orc priest/flail (6)]
  3998 | D:5      | Gained mutation: Your spells are a little harder to cast, but a little more powerful. [potion of beneficial mutation]
  4290 | D:5      | Found a staircase to the Ecumenical Temple.
  4304 | Temple   | Entered the Ecumenical Temple
  4313 | Temple   | Became a worshipper of Qazlal Stormbringer
  4760 | D:5      | Reached skill level 1 in Invocations
  4969 | D:6      | Reached skill level 7 in Fighting
  5146 | D:6      | Reached XP level 8. HP: 71/73 MP: 7/9
  5711 | D:6      | Acquired Qazlal's first power
  6145 | D:7      | Reached skill level 8 in Fighting
  6245 | D:7      | Reached XP level 9. HP: 28/81 MP: 12/12
  6642 | D:7      | Reached skill level 5 in Invocations
  6650 | D:7      | Acquired Qazlal's second power
  6900 | D:7      | Noticed Sigmund
  6907 | D:7      | Killed Sigmund
  7254 | D:7      | Noticed Edmund
  7264 | D:7      | Killed Edmund
  7340 | D:7      | Reached skill level 9 in Fighting
  7399 | D:8      | Found an opulent altar of Gozag.
  7673 | D:8      | Found Mory's General Store.
  7714 | D:8      | Found Bituigga's Gadget Shop.
  7766 | D:8      | Found Gilykhep's Jewellery Shoppe.
  7937 | D:8      | Found Nenkotyvea's Book Emporium.
  8219 | D:8      | Found a shadowy altar of Dithmenos.
  8244 | D:8      | Found a sacrificial altar of Ru.
  8248 | D:8      | Found a sparkling altar of Nemelex Xobeh.
  8335 | D:9      | Found a shattered altar of Ashenzari.
  8380 | D:9      | Reached XP level 10. HP: 82/92 MP: 15/15
  8385 | D:9      | Acquired Qazlal's third power
  8390 | D:9      | Reached skill level 10 in Fighting
  8390 | D:9      | Reached skill level 10 in Axes
  8487 | D:9      | Found a flagged portal.
  8493 | Bailey   | Entered a bailey
  8493 | Bailey   | Noticed hornqvist's ghost (experienced FoFi)
  8513 | Bailey   | Killed hornqvist's ghost
  8816 | Bailey   | Noticed an orc knight
  8871 | Bailey   | Got an encrusted plate armour
  8881 | Bailey   | Slain by an orc knight

Vault maps used:
D:1:      minmay_arrival_shattered_statue, serial_bayou_pond_d
D:2:      first_bread
D:3:      wad_woods_tower, lemuel_doored_altar, small_statue_intersection,
          hex_intersection
D:4:      corexii_corridor_pit, serial_bayou_pond_d, minmay_misc_feat_roman,
          minmay_misc_feat_rows, uniq_natasha
D:5:      minmay_temple_entry_purple_smoke
D:6:      grunt_ministairs_6
D:7:      sigmund_edmund_badplayer
D:8:      grunt_gozag_breadcrumbs, nicolae_overflow_hidden_temple,
          minmay_overflow_temple_star_quad, serial_shops, shop,
          nicolae_shop_trees, shop, shop
D:9:      evilmike_ruin_ashenzari, enter_bailey_3, small_statue_intersection,
          grunt_pizzeria, corexii_corridor_pit
Temple:   circular_temple_12
Bailey:   bailey_polearm_4, bailey

Action                   |  1- 3 |  4- 6 |  7- 9 | 10-12 || total
-------------------------+-------+-------+-------+-------++-------
Melee: War axe           |   130 |   185 |   264 |       ||   579
       Hand axe          |       |       |   207 |    80 ||   287
Evoke: Wand              |       |       |     6 |       ||     6
  Use: Scroll            |       |       |    24 |     1 ||    25
       Potion            |       |       |     1 |     2 ||     3
  Eat: Chunk             |     2 |     6 |    15 |     2 ||    25
       Fruit             |       |       |     1 |       ||     1
